 Dungeon Crawl Stone Soup version 0.26-a0-215-g1b87330c0f (webtiles) character file.

Game seed: 14485634243871414293

210 BritishOli the Slasher (level 5, -2/61 HPs)
             Began as a Demonspawn Gladiator on July 6, 2020.
             Was an Initiate of Okawaru.
             Slain by an ogre
             ... wielding a +0 giant club
              (11 damage)
             ... on level 3 of the Dungeon.
             The game lasted 00:07:34 (3245 turns).

BritishOli the Slasher (Demonspawn Gladiator)       Turns: 3245, Time: 00:07:34

Health: -2/61      AC: 22    Str: 18    XL:     5   Next: 57%
Magic:  5/5        EV:  2    Int:  9    God:    Okawaru [......]
Gold:   229        SH:  0    Dex: 14    Spells: 4/4 levels left

rFire    + . .     SeeInvis .   a - +0 long sword
rCold    x . .     Faith    .   (no shield)
rNeg     + + +     Spirit   .   (armour currently unavailable)
rPois    +         Reflect  .   (helmet currently unavailable)
rElec    .         Harm     .   (cloak currently unavailable)
rCorr    .         NoTele   +   (gloves currently unavailable)
MR       +....                  (boots currently unavailable)
Stlth    +.........             (no amulet)
HPRegen  0.20/turn              i - ring of fire
MPRegen  0.09/turn              (no ring)

@: brilliant, tree-form
A: magic resistance 1, powered by death 2, strong 1
a: Renounce Religion


You were on level 3 of the Dungeon.
You worshipped Okawaru.
Okawaru was noncommittal.
You were not hungry.
You were a tree.
You visited 2 branches of the dungeon, and saw 5 of its levels.

You collected 229 gold pieces.

Inventory:

Hand Weapons
 a - a +0 long sword (weapon)
Missiles
 d - 3 throwing nets (quivered)
Armour
 b - a +0 leather armour
 c - a +0 helmet
 k - a +0 scale mail (melded)
Jewellery
 i - a ring of fire (left branch)
Scrolls
 e - 2 scrolls of enchant armour {unknown}
 j - 8 scrolls of teleportation {unknown}
 l - a scroll of amnesia {unknown}
 m - a scroll of immolation {unknown}
 n - 2 scrolls of identify {unknown}
 p - a scroll of remove curse {unknown}
 q - 2 scrolls of magic mapping {unknown}
 r - a scroll of fog {unknown}
 t - a scroll of enchant weapon {unknown}
Potions
 h - a potion of degeneration
 o - a potion of might
 s - a potion of ambrosia
Comestibles
 f - a ration


   Skills:
 + Level 3.2 Fighting
 * Level 3.7 Long Blades
 - Level 2.0 Throwing
 + Level 2.1 Armour
 + Level 3.6 Dodging


You had 4 spell levels left.
You didn't know any spells.
Your spell library was empty.

Dungeon Overview and Level Annotations

Branches:
Dungeon (4/15)             Temple (1/1) D:4

Altars:
Ashenzari
Cheibriados
Elyvilon
Fedhas
Gozag
Hepliaklqana
Kikubaaqudgha
Makhleb
Nemelex Xobeh
Okawaru
Qazlal
Ru
Sif Muna
Trog
Uskayaw
Vehumet
Yredelemnul
Zin


Innate Abilities, Weirdness & Mutations

((You have a pair of small horns on your head.))
You regenerate health from kills.
You are resistant to hostile enchantments. (MR+)
Your muscles are strong. (Str +2)


Message History

An ogre comes into view. It is wielding a +0 giant club.
The ogre shouts!
An ogre is nearby!
You hit the ogre. You headbutt the ogre.
The ogre is lightly wounded.
The ogre hits you with a +0 giant club!!
There is a fountain of clear blue water here.
There is a fountain of clear blue water here.
The ogre hits you with a +0 giant club!!
* * * LOW HITPOINT WARNING * * *
There is a stone staircase leading up, spattered with blood here.
The ogre barely misses you.
You climb upwards.
There is a stone staircase leading down here.
It was a potion of brilliance.
You feel clever all of a sudden.
It was a potion of lignification.
You turn into a tree.
Your +0 scale mail melds into your body.
Your roots penetrate the ground.
The ogre hits you with a +0 giant club!
You die...

..#8.#.#.#.#.##....##.####.#
............._#............#
....†....)....#.......###########
...8.#.#.#.#..##.#..............#
...#.#.#8#_####....###...###..#..
..########## #....# #...# #..###
..#......# #....###.(.###.....
###...#.### #...............##. #
##......# #.♣O............##. #
#..#.#(#####..............)... #
#..#.#...).>....###...###...#. #
#..#............# #...# #...#.
####...##..........###...###.#.##
##.....##.#####..............#...
##.#....(...# #................##
.#.#..#####.# #...######.##.##.#
#).##.## ##.###...## #<##.##.##


You could see an ogre.

Vanquished Creatures
  An orc priest (D:3)
  An orc wizard (D:3)
  7 adders
  An ooze (D:2)
  2 dart slugs
  9 orcs
  A ball python (D:1)
  5 bats (D:1)
  2 giant cockroaches
  6 hobgoblins
  5 jackals
  5 frilled lizards
  13 goblins
  12 kobolds
  3 rats
73 creatures vanquished.

Notes
Turn   | Place    | Note
-------+----------+-------------------------------------------
     0 | D:1      | BritishOli the Demonspawn Gladiator began the quest for the
                  | Orb.
     0 | D:1      | Reached XP level 1. HP: 16/16 MP: 1/1
   207 | D:1      | Gained mutation: You regenerate a little health from kills.
                  | [demonic ancestry]
   207 | D:1      | Reached XP level 2. HP: 19/22 MP: 2/2
   882 | D:1      | Reached XP level 3. HP: 27/28 MP: 3/3
   949 | D:1      | Reached skill level 1 in Armour
  1743 | D:2      | Gained mutation: Your muscles are strong. (Str +2) [potion
                  | of mutation]
  1743 | D:2      | Gained mutation: You are resistant to hostile enchantments.
                  | (MR+) [potion of mutation]
  1751 | D:2      | Gained mutation: You regenerate health from kills. [demonic
                  | ancestry]
  1751 | D:2      | Reached XP level 4. HP: 29/34 MP: 4/4
  1783 | D:2      | Found a basalt altar of Yredelemnul.
  2341 | D:3      | Gained mutation: You have a pair of small horns on your
                  | head. [demonic ancestry]
  2341 | D:3      | Reached XP level 5. HP: 10/41 MP: 5/5
  2363 | D:3      | Found an ancient bone altar of Kikubaaqudgha.
  2413 | D:3      | Found a radiant altar of Vehumet.
  2415 | D:3      | Found a bloodstained altar of Trog.
  2420 | D:3      | Found an opulent altar of Gozag.
  3059 | D:4      | Found a staircase to the Ecumenical Temple.
  3080 | Temple   | Entered the Ecumenical Temple
  3133 | Temple   | Became a worshipper of Warmaster Okawaru
  3221 | D:4      | Noticed an ogre
  3245 | D:3      | Slain by an ogre

Illustrated notes

Levels and vault maps discovered:
D:1:      lightli_arrival_windingriver, layout_basic, serial_co_window_serial,
          co_window_corner_a, co_window_corner_a, co_window_corner_a,
          co_window_paths_b, co_window_of_opportunity_a, co_window_corner_b,
          co_window_of_opportunity_c, co_window_corner_ca, co_window_paths_e,
          glass_columns_a, glass_columns_a, glass_columns_a
D:2:      layout_rooms, yredelemnul_altar_generic, first_ration, minmay_unequal
D:3:      layout_loops_cross, minitemple, kiku_gazebo_pond_becter,
          serial_aquarium, aquarium_bridge_square [aquarium_subvault_window,
          aquarium_subvault_window, aquarium_subvault_balcony,
          aquarium_subvault_bridge], aquarium_bridge_square
          [aquarium_subvault_bridge, aquarium_subvault_bridge,
          aquarium_subvault_balcony, aquarium_subvault_wall],
          aquarium_window_double, aquarium_window_2, aquarium_view_2b,
          aquarium_view_2g, minmay_misc_feat_cross
D:4:      layout_basic, minmay_temple_entry_junction_2,
          gammafunk_ghost_mausoleum
Temple:   dshaligram_water_room_temple

Skill      XL: |  1  2  3  4  5 |
---------------+----------------+-----
Throwing       | 2 |  2.0
Dodging        | 3 |  3.6
Armour         | 1 2 |  2.1
Long Blades    | 3 |  3.7
Fighting       | 3 |  3.2

Action                   |  1- 3 |  4- 6 || total
-------------------------+-------+-------++-------
Melee: Long sword        |   129 |    75 ||   204
       Headbutt          |       |     9 ||     9
  Use: Potion            |     5 |     3 ||     8
  Eat: Ration            |     1 |     2 ||     3
Armor: Leather armour    |    13 |       ||    13
       Scale mail        |    89 |    42 ||   131
Dodge: Dodged            |   119 |    63 ||   182
       Rpst.: Long sword |    27 |    22 ||    49

Table legend:
 A = Non-vault XP
 B = Vault XP
 C = Vault XP percentage of total XP
 D = Non-vault monster count
 E = Vault monster count
 F = Vault count percentage of total count
                 A         B        C        D         E       F
            +---------+---------+-------+---------+---------+-------
      Total |     279 |      22 |   7.3 |      70 |       3 |   4.1
            +---------+---------+-------+---------+---------+-------
        D:1 |      49 |       0 |   0.0 |      30 |       0 |   0.0
        D:2 |      60 |      22 |  26.8 |      14 |       3 |  17.6
        D:3 |     154 |       0 |   0.0 |      24 |       0 |   0.0
        D:4 |      16 |       0 |   0.0 |       2 |       0 |   0.0
            +---------+---------+-------+---------+---------+-------
